Map: Lerilak Crest

Players

MorN - Winner!

  • Race: Terran Terran
  • League: Master

blast

  • Race: Zerg Zerg
  • League: Master

VOD

Have the link to the VOD?

Description

Time

  • Played on: Dec. 15, 2015, 12:30 a.m.
  • Length: 9:09
Show
View Real Time Build Order
Export as new Build Order

MorN Terran - Winner!

Build Orders: Reaper Expand, MMM Bio 

Get SALT Encoding   

  12  0:00  SCV  
  13  0:12  SCV  
  14  0:17  Supply Depot  
  14  0:24  SCV  
  15  0:39  SCV, Barracks  
  16  0:46  Refinery  
  16  0:51  SCV  
  17  1:04  SCV  
  18  1:16  SCV  
  19  1:28  Orbital Command  
  19  1:30  Reaper  
  20  1:40  Command Center  
  20  1:52  Supply Depot  
  20  1:54  SCV  
  21  2:03  Barracks Reactor  
  21  2:07  Barracks  
  21  2:10  SCV  
  22  2:19  Barracks  
  23  2:22  SCV  
  23  2:35  SCV  
  24  2:42  Factory, Refinery, Marine x2  
  26  2:47  SCV  
  27  2:53  Orbital Command  
  27  2:56  Barracks Tech Lab  
  27  3:00  Marine  
  28  3:13  Marine x2  
  28  3:18  Marine  
  31  3:20  Stimpack, Marine  
  31  3:23  SCV  
  33  3:31  Marine x2  
  35  3:34  Starport  
  34  3:45  SCV  
  34  3:46  Factory Reactor  
  34  3:47  Marine x2  
  37  3:49  Marine  
  37  3:53  Supply Depot  
  37  3:59  Marine  
  38  4:04  Marine  
  39  4:15  Bunker, Engineering Bay  
  39  4:19  Engineering Bay  
  39  4:26  Marine x3  
  42  4:44  Marine x3  
  45  4:55  Engineering Bay  
  45  4:59  Engineering Bay  
  45  5:03  Engineering Bay  
  45  5:07  Medivac  
  46  5:20  Orbital Command  
  46  5:28  Combat Shields  
  46  5:37  Barracks Reactor  
  46  5:42  Supply Depot  
  46  5:43  Supply Depot  
  46  6:03  Marine x2  
  46  6:04  Supply Depot, SCV x2, Medivac x2  
  54  6:05  Supply Depot  
  54  6:06  Factory Reactor  
  54  6:12  Command Center  
  54  6:17  Marauder, Marine  
  57  6:20  SCV  
  57  6:21  SCV  
  59  6:28  Engineering Bay  
  59  6:29  Engineering Bay  
  59  6:32  SCV  
  60  6:33  SCV  
  60  6:35  Medivac x2  
  60  6:37  Supply Depot  
  60  6:38  Supply Depot  
  65  6:43  Marauder, Marine x3  
  65  6:44  SCV  
  65  6:45  SCV  
  72  6:48  Widow Mine x2  
  75  6:56  SCV  
  75  6:57  SCV  
  75  7:05  Medivac x2  
  79  7:12  Supply Depot  
  79  7:13  Supply Depot, Bunker  
  79  7:14  Concussive Shells  
  79  7:15  Marauder  
  81  7:16  SCV  
  81  7:18  SCV  
  80  7:39  Marine x4  
  80  7:40  Marauder  
  80  7:42  Orbital Command  
  83  7:56  Marine x2  
  83  7:57  Marine x2  
  81  8:01  Marauder  
  81  8:09  SCV x2  
  83  8:13  SCV  
  83  8:14  Marine x4  
  88  8:22  Marauder  
  88  8:23  Barracks  
  88  8:24  Barracks  
  90  8:32  Marine  
  90  8:33  Marine x2  
  93  8:36  Marine  
  94  8:44  Marauder  
  96  8:50  Marine  
  96  8:51  Marine x2  
  100  9:07  Supply Depot  
  102  9:08  Supply Depot  
Show
View Real Time Build Order
Export as new Build Order

blast Zerg 

Build Orders: Hatch First, Zergling Baneling 

Get SALT Encoding   

  12  0:02  Drone  
  13  0:17  Drone  
  13  0:18  Overlord  
  14  0:37  Drone x2  
  14  0:42  Drone  
  17  1:09  Hatchery  
  16  1:16  Spawning Pool  
  16  1:17  Drone  
  16  1:19  Extractor  
  16  1:20  Drone x2  
  17  1:30  Drone  
  18  1:46  Overlord  
  18  1:58  Drone  
  19  2:03  Queen  
  21  2:15  Zergling x4  
  23  2:20  Queen  
  23  2:22  Drone x2  
  27  2:23  Metabolic Boost  
  27  2:34  Drone  
  27  2:35  Drone  
  29  2:39  Queen  
  29  2:42  Overlord  
  31  2:45  Drone  
  32  3:05  Baneling Nest  
  31  3:19  Baneling Nest  
  30  3:20  Zergling x10  
  30  3:21  Zergling x6  
  38  3:29  Zergling x2  
  38  3:32  Overlord  
  39  3:35  Overlord x2  
  39  3:56  Zergling x14  
  46  4:05  Baneling  
  46  4:06  Baneling x7  
  46  4:07  Zergling x2  
  46  4:08  Zergling x2  
  48  4:14  Baneling  
  45  4:36  Drone x7  
  45  4:39  Baneling x3  
  45  4:40  Drone x2  
  45  4:41  Drone  
  48  4:46  Drone x2  
  48  4:49  Baneling  
  50  4:53  Baneling  
  50  4:54  Drone x2  
  50  4:57  Drone  
  53  5:00  Drone  
  53  5:01  Drone  
  55  5:18  Drone  
  55  5:20  Extractor  
  55  5:22  Extractor  
  54  5:31  Burrow  
  54  5:32  Zergling x2  
  54  5:33  Zergling x10  
  60  6:02  Lair  
  60  6:04  Overlord  
  60  6:05  Overlord  
  55  6:15  Zergling x2  
  55  6:16  Zergling x12  
  59  6:34  Drone  
  59  6:35  Drone x9  
  69  6:44  Evolution Chamber x2  
  67  6:51  Hatchery  
  67  6:53  Zergling x6  
  67  7:03  Zergling x4  
  67  7:18  Baneling  
  67  7:20  Baneling x4  
  66  7:29  Zergling x6  
  67  7:30  Zergling x2  
  53  7:40  Baneling, Zergling x8  
  53  7:41  Baneling x2  
  53  7:44  Zergling x2  
  48  7:56  Zergling x4  
  43  8:07  Drone  
  43  8:08  Drone  
  43  8:11  Baneling x2  
  43  8:12  Baneling x2  
  45  8:13  Drone x2  
  47  8:24  Zergling x2  
  47  8:25  Zergling x2  
  49  8:34  Zergling x4  
  51  8:37  Spine Crawler  
  51  8:39  Baneling x4  
  51  8:40  Baneling x4  
  50  8:44  Baneling  
  50  8:45  Baneling  
  50  8:46  Baneling  
  50  8:47  Zergling x8  
Tags
 
Add a new tag
Caveats
  • Supply blocks, unpowered buildings, or Contaminate may cause inaccurate times.
  • Supply counts are checked every 10 seconds.